 Dungeon Crawl Stone Soup version 0.32-a0-12-g7fc57aa741 (webtiles) character file.

Game seed: 4330274460708164984

96 bmb222 the Insei (level 4, 0/29 HPs)
             Began as an Octopode Shapeshifter on Jan 14, 2024.
             Slain by an orc
             ... wielding a +0 war axe
              (11 damage)
             ... on level 3 of the Dungeon.
             The game lasted 00:01:47 (2273 turns).

bmb222 the Insei (Octopode Shapeshifter)            Turns: 2273, Time: 00:01:48

Health: 0/29       AC:  1    Str: 17    XL:     4   Next: 67%
Magic:  4/4        EV: 13    Int: 14    God:
Gold:   173        SH:  0    Dex:  9    Spells: 3/3 levels left

rFire   + .          .
                       - Unarmed
rCold   x . .        (no shield)
rNeg    . . .        (helmet currently unavailable)
rPois   .            (no amulet)
rElec   .            f - ring "Sangi" {Fire Str+4 Int+2 Dex-4}
rCorr   .            (no ring)
SInv    .            (no ring)
Will    .....        (no ring)
Stlth   +++          (no ring)
HPRegen 0.24/turn    (no ring)
MPRegen 0.09/turn    (no ring)
                     (no ring)

%: no passive effects
@: beast-form
A: beast (slay +1), almost no armour, amphibious, 8 rings, camouflage 1,
gelatinous body 1, (nimble swimmer 1), tentacles
a: Begin Untransformation


You were on level 3 of the Dungeon.
You were a hulking beast.
You visited 1 branch of the dungeon, and saw 3 of its levels.

You collected 173 gold pieces.

Inventory:

Missiles
 i - 3 boomerangs (quivered)
 j - a throwing net
Jewellery
 f - the ring "Sangi" (left tentacle) {Fire Str+4 Int+2 Dex-4}
   (You found it on level 2 of the Dungeon)

   [ring of fire]

   Fire:      It enhances your fire magic.
   Str+4:     It affects your strength (+4).
   Int+2:     It affects your intelligence (+2).
   Dex-4:     It affects your dexterity (-4).
   rF+:       It protects you from fire.
   rC-:       It makes you vulnerable to cold.
 m - a +5 ring of evasion
Talismans
 b - a beast talisman
 c - a flux talisman
Scrolls
 e - a scroll of identify
 h - a scroll of noise {unknown}
 n - a scroll of revelation {unknown}
 o - a scroll of immolation {unknown}
Potions
 a - a potion of lignification
 d - 4 potions of heal wounds
 g - a potion of invisibility {unknown}
 k - a potion of degeneration {unknown}
 l - 2 potions of ambrosia {unknown}
 p - a potion of berserk rage {unknown}


   Skills:
 + Level 2.0 Fighting
 + Level 0.9 Throwing
 + Level 2.6 Dodging
 + Level 2.2 Stealth
 + Level 3.5 Unarmed Combat
 + Level 3.4 Shapeshifting


You had 3 spell levels left.
You didn't know any spells.
Your spell library contained the following spells:

 Spells                   Type           Power      Damage    Failure   Level
 Necrotise                Necr           0%         1d4       28%         1
 Summon Small Mammal      Summ           0%         N/A       28%         1
 Scorch                   Fire           0%         2d5       41%         2
 Call Canine Familiar     Summ           0%         N/A       65%         3
 Vampiric Draining        Necr           0%         2d6       65%         3
 Flame Wave               Conj/Fire      0%         2d4       96%         4
 Martyr's Knell           Necr/Summ      0%         N/A       96%         4
 Summon Blazeheart Golem  Fire/Summ      0%         N/A       96%         4
 Curse of Agony           Necr           0%         N/A       100%        5
 Summon Cactus Giant      Summ           0%         N/A       100%        6


Dungeon Overview and Level Annotations

Branches:
Dungeon (3/15)

Altars:
Trog
Zin


Innate Abilities, Weirdness & Mutations

You are a hulking beast.
Your limbs bulge with bestial killing power. (Slay +1)
You cannot wear most types of armour.
You are amphibious.
You can wear up to eight rings at the same time.
Your skin changes colour to match your surroundings (Stealth+).
Your rubbery body absorbs attacks. (AC +1, EV +1)
((You are camouflaged when in or above water. (Stealth+)))
You have tentacles for arms and can constrict up to eight enemies at once.


Message History

You enter the deep water.
You enter the shallow water.
You see here a +0 club.
o - a scroll labelled IHOKOA URHITYT No target in view!
p - a viscous black potion No target in view!
You open the gate.
There is an open gate here.
Found a club.
No target in view!
Found a bloodstained altar of Trog.
No target in view!
No target in view!
You see here a +0 club.
You now have 173 gold pieces (gained 15).
There is an open gate here.
You enter the shallow water.
An orc comes into view. It is wielding a +0 war axe.
The orc shouts!
An orc is nearby!
An orc is nearby!
The orc completely misses you.
An orc is nearby!
You closely miss the orc. Your grab misses the orc.
The orc hits you with a +0 war axe!
You tentacle-slap the orc but do no damage.
Your grab misses the orc. Your squeeze misses the orc.
The orc hits you with a +0 war axe!
An orc is nearby!
You are too injured to fight recklessly!
You are too injured to fight recklessly!
An orc is nearby!
You are too injured to fight recklessly!
An orc is nearby!
You closely miss the orc. Your grab misses the orc. You tentacle-slap the orc.
You squeeze the orc.
The orc is heavily wounded.
The orc hits you with a +0 war axe!
You die...

### ..# # #.# #
## #o# #... #h#
#... #.# ...
######.# #.
#......# #
###.#### # #.#
# #.#
#############.#
..............#


You could see an orc.

Vanquished Creatures
  Robin (D:3)
  3 adders
  A ribbon worm (D:2)
  A dart slug (D:2)
  An orc (D:3)
  7 ball pythons
  2 bats (D:1)
  5 endoplasms
  3 giant cockroaches
  10 goblins
  5 hobgoblins
  4 frilled lizards
  6 rats
49 creatures vanquished.

Notes
Turn   | Place    | Note
-------+----------+-------------------------------------------
     0 | D:1      | bmb222 the Octopode Shapeshifter began the quest for the
                  | Orb.
     0 | D:1      | Reached XP level 1. HP: 13/13 MP: 1/1
   174 | D:1      | Reached XP level 2. HP: 9/18 MP: 2/2
   663 | D:2      | Identified the ring "Sangi" {Fire Str+4 Int+2 Dex-4}
   693 | D:2      | Reached skill level 1 in Stealth
   777 | D:2      | Found a glowing silver altar of Zin.
   808 | D:2      | Reached XP level 3. HP: 23/23 MP: 3/3
  1565 | D:3      | Noticed Robin
  1568 | D:3      | Reached XP level 4. HP: 29/29 MP: 4/4
  1990 | D:3      | Killed Robin
  2215 | D:3      | Found a bloodstained altar of Trog.
  2273 | D:3      | Slain by an orc

Illustrated notes

Levels and vault maps discovered:
D:1:      dpeg_arrival_simpleton_c, layout_basic
D:2:      layout_loops_ring, basic_altar, st_stairs_3, minmay_tetromino_s4
D:3:      layout_loops_cross, mainiacjoe_overflow_alcove_4, chequers_big_river,
          kennysheep_another_room, uniq_robin, uniq_crazy_yiuf_cottage

Skill      XL: |  1  2  3  4 |
---------------+-------------+-----
Stealth        | 1 2 |  2.2
Fighting       | 2 |  2.0
Throwing       | |  0.9
Dodging        | |  2.6
Unarmed Combat | |  3.5
Shapeshifting  | |  3.4

Action                     |  1- 3 |  4- 6 || total
---------------------------+-------+-------++-------
  Melee: Unarmed           |    62 |    27 ||    89
         Constrict         |    16 |     3 ||    19
         Tentacles         |    12 |     6 ||    18
         Punch             |       |     2 ||     2
    Use: Scroll            |     3 |       ||     3
   Stab: Sleeping          |     9 |     1 ||    10
         Distracted        |     1 |     1 ||     2
 Armour: Skin              |    23 |    21 ||    44
  Dodge: Dodged            |    27 |    15 ||    42

Table legend: (Time is in decaauts)
 A = Elapsed time spent in this place.
 B = Non-inter-level travel time spent in this place.
 C = Inter-level travel time spent in this place.
 D = Time resting spent in this place.
 E = Time spent auto-exploring this place.
 F = Levels seen in this place.
 G = Mean time per level.
                   A        B        C        D        E       F      G
               +--------+--------+--------+--------+--------+-----+--------+
         Total |   2266 |   2203 |     63 |    381 |   1501 |   3 |  755.3 |
       Dungeon |   2266 |   2203 |     63 |    381 |   1501 |   3 |  755.3 |
               +--------+--------+--------+--------+--------+-----+--------+

Top non-repeatable levels by time:
     D:2: 1012 daAuts
     D:1: 654 daAuts
     D:3: 600 daAuts
